Avalanche vs Rangers

Created - 22 février 2021 at 20:06

Goals
1 2 3 OT1 T
Avalanche 1 1 3 0 5
Rangers 1 2 2 1 6
Shots
1 2 3 OT1 T
Avalanche 10 14 19 0 43
Rangers 12 9 11 3 35

1st period

1. Avalanche , Andreas Athanasiou 7 (Ryan Strome 24, Brad Richardson 17) at 9:12
2. Rangers , Cam Atkinson 21 (Andrew Ladd 15) at 10:32 (PP)

Penalties :
Erik Cernak (NYR) for Tripping (Minor) at 2:43, Casey Cizikas (COL) for Hooking (Minor) at 9:19, Noah Juulsen (COL) for Cross-checking (Minor) at 19:04

2nd period

3. Rangers , Cam Atkinson 22 (Connor McDavid 57, Alexander Radulov 30) at 0:25 (PP)
4. Rangers , Zach Hyman 25 (Erik Cernak 9, Alexander Radulov 31) at 12:08
5. Avalanche , Casey Cizikas 20 (Robby Fabbri 23, Shayne Gostisbehere 21) at 16:31

Penalties :
No Penalty

3rd period

6. Rangers , David Savard 5 (Connor McDavid 58, Erik Cernak 10) at 5:07
7. Avalanche , Shayne Gostisbehere 7 (Ryan Strome 25, Brad Richardson 18) at 9:30
8. Avalanche , Adam Fox 9 (Ryan Strome 26, Will Butcher 8) at 13:18
9. Rangers , Connor McDavid 41 (Alexander Radulov 32, David Savard 17) at 13:41
10. Avalanche , Robby Fabbri 18 (Casey Cizikas 23, Jake McCabe 15) at 16:06

Penalties :
Nick Leddy (NYR) for Slashing (Minor) at 0:05, Dylan Strome (COL) for Roughing (Minor) at 12:08, Matt Niskanen (NYR) for Hooking (Minor) at 13:06

Overtime #1

11. Rangers , Alexander Radulov 24 (Matt Niskanen 41, Vincent Trocheck 33) at 2:03

Penalties :
No Penalty

Goalie Stats

Alexandar Georgiev (COL), 29 saves from 35 shots - (0,829), OTL, 9-11-4, 62:04 minutes
Andrei Vasilevskiy (NYR), 38 saves from 43 shots - (0,884), W, 30-10-4, 62:04 minutes

Players Stats for Avalanche

Player Name              G  A  P  +/- PIM S  H  SB GA TA FO     MP     PP MP  PK MP  
------------------------------------------------------------------------------------
Adam Fox                 1  0  1   0  0   2  1  3  0  0  0/0    21:47   2:16   1:55 
Adam Gaudette            0  0  0   0  0   1  0  0  0  0  3/8     6:21   0:00   0:00 
Andreas Athanasiou       1  0  1   0  0   3  4  1  0  0  1/3    22:04   2:54   0:13 
Andreas Johnsson         0  0  0   1  0   3  0  0  0  0  0/2    13:54   0:00   0:23 
Brad Richardson          0  2  2   1  0   2  3  0  0  0  12/25  22:56   2:54   0:15 
Casey Cizikas            1  1  2   0  2   6  1  2  0  0  15/23  18:42   1:45   2:04 
Dominik Kubalik          0  0  0   0  0   4  0  0  0  0  0/1    12:19   0:17   0:00 
Dylan Strome             0  0  0   0  2   1  0  0  0  0  6/15   12:57   0:00   0:12 
Frank Vatrano            0  0  0   0  0   0  1  0  0  0  1/1     8:23   2:02   0:00 
Jake McCabe              0  1  1   1  0   2  3  0  0  0  0/0    24:49   2:40   1:37 
Justin Williams          0  0  0   1  0   2  1  1  0  0  0/0    12:40   0:00   0:00 
Michael Anderson         0  0  0   0  0   0  0  1  0  0  0/0    14:28   0:00   0:00 
Noah Juulsen             0  0  0   0  2   0  3  0  0  0  0/0    14:27   0:00   0:00 
Robby Fabbri             1  1  2   0  0   7  0  0  0  0  0/0    15:53   2:02   0:00 
Ryan Dzingel             0  0  0   0  0   2  0  0  0  0  0/2     7:57   0:00   1:36 
Ryan Strome              0  3  3   1  0   4  1  1  0  0  5/15   25:27   2:54   2:21 
Shayne Gostisbehere      1  1  2   1  0   3  2  2  0  0  0/0    25:05   2:40   1:37 
Will Butcher             0  1  1   1  0   1  0  2  0  0  0/0    21:27   2:16   1:55 

Players Stats for Rangers

Player Name              G  A  P  +/- PIM S  H  SB GA TA FO     MP     PP MP  PK MP  
------------------------------------------------------------------------------------
Alexander Radulov        1  3  4   2  0   4  1  0  0  0  0/1    21:38   2:19   0:00 
Andrew Ladd              0  1  1   0  0   2  1  0  0  0  0/0    11:55   0:55   0:00 
Brandon Pirri            0  0  0  -1  0   0  0  0  0  0  2/7     7:19   0:00   0:00 
Cal Clutterbuck          0  0  0   0  0   1  0  0  0  0  0/0    12:49   0:00   1:49 
Cam Atkinson             2  0  2  -1  0   8  0  0  0  0  0/0    17:29   2:19   0:00 
Connor McDavid           1  2  3   1  0   4  2  0  0  0  14/28  21:54   2:19   0:00 
David Savard             1  1  2   0  0   3  2  0  0  0  0/0    20:07   0:55   2:17 
Devin Shore              0  0  0  -1  0   1  0  0  0  0  0/0     7:19   0:00   0:00 
Dmitry Kulikov           0  0  0  -1  0   1  5  1  0  0  0/0    17:07   0:00   2:16 
Erik Cernak              0  2  2   0  2   1  2  0  0  0  0/0    19:01   0:00   1:18 
Greg Pateryn             0  0  0  -1  0   1  1  1  0  0  0/0    14:51   0:00   0:00 
Matt Niskanen            0  1  1   0  2   1  2  1  0  0  0/0    25:12   2:36   2:09 
Milan Lucic              0  0  0  -1  0   0  0  0  0  0  0/1     7:19   0:00   0:00 
Nick Bonino              0  0  0   0  0   1  0  0  0  0  14/25  14:30   0:00   3:07 
Nick Leddy               0  0  0  -1  2   1  0  5  0  0  0/0    24:48   2:37   1:52 
Noel Acciari             0  0  0  -2  0   2  2  0  0  0  2/3    18:42   1:13   3:07 
Vincent Trocheck         0  1  1  -1  0   1  2  0  0  0  20/30  18:57   1:13   1:49 
Zach Hyman               1  0  1   0  0   3  1  0  0  0  0/0    19:15   1:13   0:00 

3 Stars

1 - Alexander Radulov (NYR)
2 - Connor McDavid (NYR)
3 - Shayne Gostisbehere (COL)

Power Play

Avalanche - 0 on 3 Attempt(s) - 0,00%
Rangers - 2 on 3 Attempt(s) - 66,67%

Penalty Kill

Avalanche - 1 on 3 Attempt(s) - 33,33% - Score 0 goal in Penalty Kill
Rangers - 3 on 3 Attempt(s) - 100,00% - Score 0 goal in Penalty Kill

Team Stat

Avalanche - Hits : 20 - Faceoff Wins : 43 - Blocked Shots : 13 - Penalty Minutes : 6
Rangers - Hits : 21 - Faceoff Wins : 52 - Blocked Shots : 8 - Penalty Minutes : 6

Official

Referees : Kevin Pollock and Corey Syvret
Linesman : Scott Cherrey and Ryan Daisy

Game Notes

No Game Note

Finance

Level 1 -- Attendance: 2635 (40,54%) -- Ticket Income 658 750 $
Level 2 -- Attendance: 2055 (41,10%) -- Ticket Income 369 900 $
Level 3 -- Attendance: 1728 (49,37%) -- Ticket Income 207 360 $
Level 4 -- Attendance: 2006 (100,00%) -- Ticket Income 100 300 $
Luxury Box -- Attendance: 486 (48,60%) -- Ticket Income 194 400 $
Game was played at the Madison Square Garden.
Total Attendance: 8910 (49,48%)
Total Ticket Income: 1 530 710 $
Other Income: 750 048 $
Total Income: 2 280 758 $

% Time on Ice - Avalanche

Lines # - Real PCT - Wanted PCT - Time Play
Normal Forward
1 - 37% - 40% - 18:37
2 - 27% - 30% - 13:31
3 - 24% - 20% - 12:02
4 - 13% - 10% - 6:21
Normal Defense
1 - 36% - 40% - 18:20
2 - 33% - 30% - 16:38
3 - 29% - 20% - 14:28
4 - 2% - 10% - 1:05
PP Forward
1 - 59% - 60% - 2:54
2 - 41% - 40% - 2:02
PP Defense
1 - 54% - 60% - 2:40
2 - 46% - 40% - 2:16
PK Forward
1 - 93% - 60% - 3:17
2 - 7% - 40% - 0:15
PK Defense
1 - 46% - 60% - 1:37
2 - 54% - 40% - 1:55
PK3 Forward
1 - 0% - 60%
2 - 0% - 40%
PK3 Defense
1 - 0% - 60%
2 - 0% - 40%
44 Forward
1 - 57% - 60% - 0:35
2 - 43% - 40% - 0:26
44 Defense
1 - 38% - 60% - 0:23
2 - 62% - 40% - 0:38
Last Minute Offensive  - 0:00
Last Minute Defensive  - 0:00
Total
Forward - 60:00
Defense - 60:00

% Time on Ice - Rangers

Lines # - Real PCT - Wanted PCT - Time Play
Normal Forward
1 - 36% - 43% - 18:02
2 - 28% - 33% - 14:10
3 - 22% - 15% - 11:00
4 - 14% - 9% - 7:19
Normal Defense
1 - 38% - 44% - 19:20
2 - 32% - 33% - 16:20
3 - 29% - 23% - 14:51
4 - 0% - 0% - 0:00
PP Forward
1 - 66% - 53% - 2:19
2 - 34% - 47% - 1:13
PP Defense
1 - 74% - 53% - 2:37
2 - 26% - 47% - 0:55
PK Forward
1 - 63% - 55% - 3:07
2 - 37% - 45% - 1:49
PK Defense
1 - 54% - 55% - 2:39
2 - 46% - 45% - 2:17
PK3 Forward
1 - 0% - 55%
2 - 0% - 45%
PK3 Defense
1 - 0% - 55%
2 - 0% - 45%
44 Forward
1 - 38% - 55% - 0:23
2 - 62% - 45% - 0:38
44 Defense
1 - 43% - 55% - 0:26
2 - 57% - 45% - 0:35
Last Minute Offensive  - 0:00
Last Minute Defensive  - 0:00
Total
Forward - 60:00
Defense - 60:00

Play-by-Play

1st period


0:01 of 1st period - Connor McDavid wins face-off versus Ryan Strome in neutral zone.
0:12 of 1st period - Shot by Andreas Athanasiou.
0:12 of 1st period - Shot Misses the Net.
0:18 of 1st period - Shot by Andreas Athanasiou.
0:18 of 1st period - Shot Blocked by Nick Leddy.
0:20 of 1st period - Shot by Jake McCabe.
0:20 of 1st period - Stopped by Andrei Vasilevskiy without a rebound.
0:21 of 1st period - Casey Cizikas wins face-off versus Vincent Trocheck in Rangers zone.
0:36 of 1st period - Shot by Robby Fabbri.
0:36 of 1st period - Shot Misses the Net.
0:48 of 1st period - Shot by Noel Acciari.
0:48 of 1st period - Shot Blocked by Will Butcher.
0:50 of 1st period - Shot by Erik Cernak.
0:50 of 1st period - Stopped by Alexandar Georgiev without a rebound.
0:51 of 1st period - Nick Bonino wins face-off versus Dylan Strome in Avalanche zone.
0:51 of 1st period - Nick Bonino is hit by Noah Juulsen.
1:09 of 1st period - Shot by Cal Clutterbuck.
1:09 of 1st period - Shot Misses the Net.
1:16 of 1st period - Nick Bonino is hit by Noah Juulsen and loses puck.
1:24 of 1st period - Nick Bonino is hit by Noah Juulsen and loses puck.
1:29 of 1st period - Shot by Greg Pateryn.
1:29 of 1st period - Stopped by Alexandar Georgiev without a rebound.
1:30 of 1st period - Brad Richardson wins face-off versus Connor McDavid in Avalanche zone.
1:51 of 1st period - Off-side.
1:52 of 1st period - Adam Gaudette wins face-off versus Brandon Pirri in neutral zone.
1:57 of 1st period - Shot by Ryan Dzingel.
1:57 of 1st period - Shot Misses the Net.
2:43 of 1st period - Minor Penalty to Erik Cernak for Tripping.
2:44 of 1st period - Nick Bonino wins face-off versus Ryan Strome in Rangers zone.
2:44 of 1st period - Nick Bonino is hit by Brad Richardson.
3:12 of 1st period - Shot by Shayne Gostisbehere.
3:12 of 1st period - Stopped by Andrei Vasilevskiy without a rebound.
3:13 of 1st period - Nick Bonino wins face-off versus Casey Cizikas in Rangers zone.
3:28 of 1st period - Shot by Robby Fabbri.
3:28 of 1st period - Stopped by Andrei Vasilevskiy without a rebound.
3:29 of 1st period - Ryan Strome wins face-off versus Vincent Trocheck in Rangers zone.
3:30 of 1st period - Shot by Andreas Athanasiou.
3:30 of 1st period - Stopped by Andrei Vasilevskiy with a rebound.
3:32 of 1st period - Shot by Shayne Gostisbehere.
3:32 of 1st period - Shot Misses the Net.
3:34 of 1st period - Shot by Jake McCabe.
3:34 of 1st period - Shot Blocked by Matt Niskanen.
3:36 of 1st period - Shot by Jake McCabe.
3:36 of 1st period - Shot Misses the Net.
4:35 of 1st period - Shot by Robby Fabbri.
4:35 of 1st period - Shot Blocked by Nick Leddy.
4:37 of 1st period - Shot by Casey Cizikas.
4:37 of 1st period - Stopped by Andrei Vasilevskiy without a rebound.
4:38 of 1st period - Nick Bonino wins face-off versus Ryan Strome in Rangers zone.
5:06 of 1st period - Shot by Connor McDavid.
5:06 of 1st period - Stopped by Alexandar Georgiev with a rebound.
5:20 of 1st period - Shot by Dylan Strome.
5:20 of 1st period - Shot Misses the Net.
5:34 of 1st period - Shot by Andreas Johnsson.
5:34 of 1st period - Stopped by Andrei Vasilevskiy without a rebound.
5:35 of 1st period - Vincent Trocheck wins face-off versus Brad Richardson in Rangers zone.
5:47 of 1st period - Noel Acciari is hit by Ryan Strome and loses puck.
6:41 of 1st period - Robby Fabbri is hit by Erik Cernak and loses puck.
7:38 of 1st period - Shot by Justin Williams.
7:38 of 1st period - Shot Misses the Net.
9:10 of 1st period - Shot by Brad Richardson.
9:10 of 1st period - Deflect By Ryan Strome.
9:10 of 1st period - Shot Misses the Net.
9:12 of 1st period - Shot by Andreas Athanasiou.
9:12 of 1st period - Goal by Andreas Athanasiou - Avalanche : 1 - Rangers : 0.
9:13 of 1st period - Casey Cizikas wins face-off versus Vincent Trocheck in neutral zone.
9:18 of 1st period - Icing by Noel Acciari.
9:19 of 1st period - Vincent Trocheck wins face-off versus Casey Cizikas in Rangers zone.
9:19 of 1st period - Minor Penalty to Casey Cizikas for Hooking.
9:20 of 1st period - Connor McDavid wins face-off versus Ryan Dzingel in Avalanche zone.
9:51 of 1st period - Shot by David Savard.
9:51 of 1st period - Shot Misses the Net.
9:53 of 1st period - Shot by David Savard.
9:53 of 1st period - Stopped by Alexandar Georgiev without a rebound.
9:54 of 1st period - Vincent Trocheck wins face-off versus Ryan Strome in Avalanche zone.
9:59 of 1st period - Shot by Matt Niskanen.
9:59 of 1st period - Stopped by Alexandar Georgiev without a rebound.
10:00 of 1st period - Ryan Strome wins face-off versus Vincent Trocheck in Avalanche zone.
10:22 of 1st period - Shot by Noel Acciari.
10:22 of 1st period - Stopped by Alexandar Georgiev without a rebound.
10:23 of 1st period - Ryan Strome wins face-off versus Connor McDavid in Avalanche zone.
10:30 of 1st period - Shot by Andrew Ladd.
10:30 of 1st period - Shot Blocked by Ryan Strome.
10:32 of 1st period - Shot by Cam Atkinson.
10:32 of 1st period - Goal by Cam Atkinson - Avalanche : 1 - Rangers : 1.
10:33 of 1st period - Casey Cizikas wins face-off versus Connor McDavid in neutral zone.
10:35 of 1st period - Off-side.
10:36 of 1st period - Connor McDavid wins face-off versus Casey Cizikas in neutral zone.
10:45 of 1st period - Shot by Robby Fabbri.
10:45 of 1st period - Stopped by Andrei Vasilevskiy without a rebound.
10:46 of 1st period - Noel Acciari wins face-off versus Dylan Strome in Rangers zone.
10:53 of 1st period - Shot by Cam Atkinson.
10:53 of 1st period - Stopped by Alexandar Georgiev with a rebound.
11:01 of 1st period - Shot by Dylan Strome.
11:01 of 1st period - Shot Hit the Post.
11:03 of 1st period - Shot by Justin Williams.
11:03 of 1st period - Shot Hit the Post.
11:05 of 1st period - Shot by Shayne Gostisbehere.
11:05 of 1st period - Shot Blocked by Nick Leddy.
11:19 of 1st period - Shot by Cam Atkinson.
11:19 of 1st period - Shot Misses the Net.
11:28 of 1st period - Shayne Gostisbehere is hit by Noel Acciari and loses puck.
11:57 of 1st period - Shot by Connor McDavid.
11:57 of 1st period - Shot Blocked by Adam Fox.
11:59 of 1st period - Shot by David Savard.
11:59 of 1st period - Stopped by Alexandar Georgiev without a rebound.
12:00 of 1st period - Casey Cizikas wins face-off versus Nick Bonino in Avalanche zone.
12:18 of 1st period - Shot by Robby Fabbri.
12:18 of 1st period - Shot Misses the Net.
13:03 of 1st period - Shot by Ryan Strome.
13:03 of 1st period - Stopped by Andrei Vasilevskiy with a rebound.
13:32 of 1st period - Icing by Greg Pateryn.
13:33 of 1st period - Dylan Strome wins face-off versus Nick Bonino in Rangers zone.
13:50 of 1st period - Shot by Dylan Strome.
13:50 of 1st period - Deflect By Justin Williams.
13:50 of 1st period - Shot Blocked by Dmitry Kulikov.
14:44 of 1st period - Shot by Casey Cizikas.
14:44 of 1st period - Shot Misses the Net.
14:47 of 1st period - Icing by Matt Niskanen.
14:48 of 1st period - Brad Richardson wins face-off versus Alexander Radulov in Rangers zone.
14:49 of 1st period - Shot by Ryan Strome.
14:49 of 1st period - Shot Misses the Net.
15:02 of 1st period - Ryan Strome is hit by Connor McDavid and loses puck.
15:12 of 1st period - Icing by Will Butcher.
15:13 of 1st period - Brad Richardson wins face-off versus Vincent Trocheck in Avalanche zone.
15:22 of 1st period - Shot by Ryan Strome.
15:22 of 1st period - Deflect By Andreas Athanasiou.
15:22 of 1st period - Shot Misses the Net.
15:38 of 1st period - Brad Richardson is hit by Vincent Trocheck and loses puck.
15:45 of 1st period - Shot by Cam Atkinson.
15:45 of 1st period - Stopped by Alexandar Georgiev with a rebound.
15:47 of 1st period - Shot by Noel Acciari.
15:47 of 1st period - Stopped by Alexandar Georgiev without a rebound.
15:48 of 1st period - Casey Cizikas wins face-off versus Brandon Pirri in Avalanche zone.
16:09 of 1st period - Shot by Devin Shore.
16:09 of 1st period - Stopped by Alexandar Georgiev without a rebound.
16:10 of 1st period - Adam Gaudette wins face-off versus Connor McDavid in Avalanche zone.
16:12 of 1st period - Noah Juulsen is hit by Connor McDavid and loses puck.
16:44 of 1st period - Shot by Ryan Dzingel.
16:44 of 1st period - Stopped by Andrei Vasilevskiy without a rebound.
16:45 of 1st period - Casey Cizikas wins face-off versus Vincent Trocheck in Rangers zone.
17:49 of 1st period - Shot by Ryan Strome.
17:49 of 1st period - Shot Misses the Net.
18:05 of 1st period - Shot by Brandon Pirri.
18:05 of 1st period - Deflect By Devin Shore.
18:05 of 1st period - Shot Blocked by Will Butcher.
19:04 of 1st period - Minor Penalty to Noah Juulsen for Cross-checking.
19:05 of 1st period - Vincent Trocheck wins face-off versus Ryan Strome in Avalanche zone.
19:20 of 1st period - Casey Cizikas is hit by Noel Acciari and loses puck.
Goals for this period are 1 for Avalanche vs 1 for Rangers.
Shots for this period are 10 for Avalanche vs 12 for Rangers.

2nd period


0:01 of 2nd period - Ryan Strome wins face-off versus Connor McDavid in neutral zone.
0:01 of 2nd period - Casey Cizikas is hit by Alexander Radulov.
0:23 of 2nd period - Shot by Connor McDavid.
0:23 of 2nd period - Shot Misses the Net.
0:25 of 2nd period - Shot by Cam Atkinson.
0:25 of 2nd period - Goal by Cam Atkinson - Avalanche : 1 - Rangers : 2.
0:26 of 2nd period - Nick Bonino wins face-off versus Dylan Strome in neutral zone.
0:42 of 2nd period - Shot by Justin Williams.
0:42 of 2nd period - Stopped by Andrei Vasilevskiy without a rebound.
0:43 of 2nd period - Connor McDavid wins face-off versus Brad Richardson in Rangers zone.
1:03 of 2nd period - Shot by Connor McDavid.
1:03 of 2nd period - Shot Blocked by Adam Fox.
1:09 of 2nd period - Shot by Andreas Athanasiou.
1:09 of 2nd period - Stopped by Andrei Vasilevskiy without a rebound.
1:10 of 2nd period - Vincent Trocheck wins face-off versus Casey Cizikas in Rangers zone.
1:20 of 2nd period - Vincent Trocheck is hit by Jake McCabe and loses puck.
1:28 of 2nd period - Vincent Trocheck is hit by Shayne Gostisbehere and loses puck.
1:39 of 2nd period - Shot by Robby Fabbri.
1:39 of 2nd period - Stopped by Andrei Vasilevskiy without a rebound.
1:40 of 2nd period - Connor McDavid wins face-off versus Brad Richardson in Rangers zone.
1:40 of 2nd period - Matt Niskanen is hit by Brad Richardson and loses puck.
2:01 of 2nd period - Shot by Andreas Athanasiou.
2:01 of 2nd period - Shot Blocked by Nick Leddy.
5:22 of 2nd period - Shot by Ryan Strome.
5:22 of 2nd period - Stopped by Andrei Vasilevskiy without a rebound.
5:23 of 2nd period - Vincent Trocheck wins face-off versus Dylan Strome in Rangers zone.
5:52 of 2nd period - Off-side.
5:53 of 2nd period - Brad Richardson wins face-off versus Nick Bonino in neutral zone.
5:59 of 2nd period - Icing by Cal Clutterbuck.
6:00 of 2nd period - Andreas Athanasiou wins face-off versus Nick Bonino in Rangers zone.
6:06 of 2nd period - Icing by Erik Cernak.
6:07 of 2nd period - Brad Richardson wins face-off versus Nick Bonino in Rangers zone.
6:21 of 2nd period - Shot by Nick Bonino.
6:21 of 2nd period - Shot Misses the Net.
6:23 of 2nd period - Shot by Nick Bonino.
6:23 of 2nd period - Shot Misses the Net.
6:25 of 2nd period - Shot by Cal Clutterbuck.
6:25 of 2nd period - Stopped by Alexandar Georgiev without a rebound.
6:26 of 2nd period - Casey Cizikas wins face-off versus Connor McDavid in Avalanche zone.
6:37 of 2nd period - Shot by Alexander Radulov.
6:37 of 2nd period - Stopped by Alexandar Georgiev without a rebound.
6:38 of 2nd period - Brad Richardson wins face-off versus Noel Acciari in Avalanche zone.
6:42 of 2nd period - Off-side.
6:43 of 2nd period - Connor McDavid wins face-off versus Brad Richardson in neutral zone.
7:52 of 2nd period - Shot by Andreas Johnsson.
7:52 of 2nd period - Stopped by Andrei Vasilevskiy without a rebound.
7:53 of 2nd period - Brandon Pirri wins face-off versus Dylan Strome in Rangers zone.
7:57 of 2nd period - Off-side.
7:58 of 2nd period - Casey Cizikas wins face-off versus Brandon Pirri in neutral zone.
8:12 of 2nd period - Andreas Johnsson is hit by Greg Pateryn and loses puck.
8:20 of 2nd period - Andreas Johnsson is hit by Dmitry Kulikov and loses puck.
8:46 of 2nd period - Dylan Strome is hit by Dmitry Kulikov and loses puck.
8:51 of 2nd period - Shot by Dominik Kubalik.
8:51 of 2nd period - Shot Misses the Net.
8:53 of 2nd period - Shot by Noah Juulsen.
8:53 of 2nd period - Shot Misses the Net.
8:55 of 2nd period - Shot by Dominik Kubalik.
8:55 of 2nd period - Shot Misses the Net.
8:57 of 2nd period - Shot by Dominik Kubalik.
8:57 of 2nd period - Stopped by Andrei Vasilevskiy with a rebound.
8:59 of 2nd period - Shot by Justin Williams.
8:59 of 2nd period - Stopped by Andrei Vasilevskiy without a rebound.
9:00 of 2nd period - Brad Richardson wins face-off versus Connor McDavid in Rangers zone.
9:35 of 2nd period - Shayne Gostisbehere is hit by Zach Hyman and loses puck.
9:59 of 2nd period - Shot by Justin Williams.
9:59 of 2nd period - Shot Misses the Net.
10:01 of 2nd period - Shot by Dominik Kubalik.
10:01 of 2nd period - Stopped by Andrei Vasilevskiy without a rebound.
10:02 of 2nd period - Vincent Trocheck wins face-off versus Andreas Johnsson in Rangers zone.
10:02 of 2nd period - Vincent Trocheck is hit by Casey Cizikas.
10:14 of 2nd period - Shot by Cam Atkinson.
10:14 of 2nd period - Shot Blocked by Adam Fox.
10:16 of 2nd period - Shot by Noel Acciari.
10:16 of 2nd period - Deflect By Cam Atkinson.
10:16 of 2nd period - Stopped by Alexandar Georgiev without a rebound.
10:17 of 2nd period - Dylan Strome wins face-off versus Nick Bonino in Avalanche zone.
10:43 of 2nd period - Shot by Justin Williams.
10:43 of 2nd period - Shot Misses the Net.
10:51 of 2nd period - Shot by Cal Clutterbuck.
10:51 of 2nd period - Shot Misses the Net.
10:53 of 2nd period - Shot by Nick Bonino.
10:53 of 2nd period - Deflect By Andrew Ladd.
10:53 of 2nd period - Stopped by Alexandar Georgiev without a rebound.
10:54 of 2nd period - Brad Richardson wins face-off versus Vincent Trocheck in Avalanche zone.
10:59 of 2nd period - Shot by Brad Richardson.
10:59 of 2nd period - Stopped by Andrei Vasilevskiy without a rebound.
11:00 of 2nd period - Vincent Trocheck wins face-off versus Brad Richardson in Rangers zone.
11:57 of 2nd period - Icing by Adam Fox.
11:58 of 2nd period - Casey Cizikas wins face-off versus Connor McDavid in Avalanche zone.
12:00 of 2nd period - Icing by Adam Fox.
12:01 of 2nd period - Connor McDavid wins face-off versus Casey Cizikas in Avalanche zone.
12:02 of 2nd period - Shot by Alexander Radulov.
12:02 of 2nd period - Shot Misses the Net.
12:04 of 2nd period - Shot by Zach Hyman.
12:04 of 2nd period - Stopped by Alexandar Georgiev with a rebound.
12:06 of 2nd period - Shot by Erik Cernak.
12:06 of 2nd period - Shot Misses the Net.
12:08 of 2nd period - Shot by Zach Hyman.
12:08 of 2nd period - Goal by Zach Hyman - Avalanche : 1 - Rangers : 3.
12:09 of 2nd period - Dylan Strome wins face-off versus Connor McDavid in neutral zone.
12:12 of 2nd period - Shot by Justin Williams.
12:12 of 2nd period - Deflect By Dylan Strome.
12:12 of 2nd period - Shot Misses the Net.
12:20 of 2nd period - Shot by Erik Cernak.
12:20 of 2nd period - Deflect By Connor McDavid.
12:20 of 2nd period - Stopped by Alexandar Georgiev without a rebound.
12:21 of 2nd period - Nick Bonino wins face-off versus Brad Richardson in Avalanche zone.
12:32 of 2nd period - Andrew Ladd is hit by Brad Richardson and loses puck.
12:53 of 2nd period - Shot by Brad Richardson.
12:53 of 2nd period - Shot Misses the Net.
13:01 of 2nd period - Jake McCabe is hit by Andrew Ladd.
14:03 of 2nd period - Shot by Connor McDavid.
14:03 of 2nd period - Deflect By Zach Hyman.
14:03 of 2nd period - Shot Blocked by Casey Cizikas.
14:05 of 2nd period - Shot by Zach Hyman.
14:05 of 2nd period - Stopped by Alexandar Georgiev without a rebound.
14:06 of 2nd period - Vincent Trocheck wins face-off versus Dylan Strome in Avalanche zone.
14:21 of 2nd period - Shot by Dominik Kubalik.
14:21 of 2nd period - Stopped by Andrei Vasilevskiy without a rebound.
14:22 of 2nd period - Brandon Pirri wins face-off versus Adam Gaudette in Rangers zone.
15:11 of 2nd period - Brad Richardson is hit by Matt Niskanen and loses puck.
15:14 of 2nd period - Shot by Brad Richardson.
15:14 of 2nd period - Stopped by Andrei Vasilevskiy without a rebound.
15:15 of 2nd period - Dylan Strome wins face-off versus Connor McDavid in Rangers zone.
15:29 of 2nd period - Off-side.
15:30 of 2nd period - Vincent Trocheck wins face-off versus Andreas Athanasiou in neutral zone.
16:31 of 2nd period - Shot by Casey Cizikas.
16:31 of 2nd period - Goal by Casey Cizikas - Avalanche : 2 - Rangers : 3.
16:32 of 2nd period - Nick Bonino wins face-off versus Dominik Kubalik in neutral zone.
16:50 of 2nd period - Shot by Nick Bonino.
16:50 of 2nd period - Shot Misses the Net.
17:24 of 2nd period - Connor McDavid is hit by Adam Fox and loses puck.
17:30 of 2nd period - Icing by Dylan Strome.
17:31 of 2nd period - Dylan Strome wins face-off versus Brandon Pirri in Avalanche zone.
19:04 of 2nd period - Shot by Robby Fabbri.
19:04 of 2nd period - Shot Misses the Net.
19:10 of 2nd period - Shot by Casey Cizikas.
19:10 of 2nd period - Stopped by Andrei Vasilevskiy without a rebound.
19:11 of 2nd period - Vincent Trocheck wins face-off versus Adam Gaudette in Rangers zone.
19:30 of 2nd period - Shot by Ryan Dzingel.
19:30 of 2nd period - Stopped by Andrei Vasilevskiy without a rebound.
19:31 of 2nd period - Nick Bonino wins face-off versus Brad Richardson in Rangers zone.
19:31 of 2nd period - Andrew Ladd is hit by Andreas Athanasiou and loses puck.
19:49 of 2nd period - Andreas Athanasiou is hit by Erik Cernak and loses puck.
Goals for this period are 1 for Avalanche vs 2 for Rangers.
Shots for this period are 14 for Avalanche vs 9 for Rangers.

3rd period


0:01 of 3rd period - Brad Richardson wins face-off versus Connor McDavid in neutral zone.
0:05 of 3rd period - Shot by Jake McCabe.
0:05 of 3rd period - Stopped by Andrei Vasilevskiy without a rebound.
0:05 of 3rd period - Minor Penalty to Nick Leddy for Slashing.
0:06 of 3rd period - Nick Bonino wins face-off versus Ryan Strome in Rangers zone.
0:21 of 3rd period - Shot by Shayne Gostisbehere.
0:21 of 3rd period - Stopped by Andrei Vasilevskiy without a rebound.
0:22 of 3rd period - Frank Vatrano wins face-off versus Nick Bonino in Rangers zone.
0:29 of 3rd period - Shot by Frank Vatrano.
0:29 of 3rd period - Shot Misses the Net.
0:37 of 3rd period - Shot by Casey Cizikas.
0:37 of 3rd period - Shot Misses the Net.
0:39 of 3rd period - Shot by Frank Vatrano.
0:39 of 3rd period - Deflect By Casey Cizikas.
0:39 of 3rd period - Stopped by Andrei Vasilevskiy without a rebound.
0:40 of 3rd period - Vincent Trocheck wins face-off versus Ryan Strome in Rangers zone.
0:40 of 3rd period - Vincent Trocheck is hit by Andreas Athanasiou.
0:58 of 3rd period - Shot by Cal Clutterbuck.
0:58 of 3rd period - Deflect By Vincent Trocheck.
0:58 of 3rd period - Shot Blocked by Andreas Athanasiou.
1:03 of 3rd period - Andreas Athanasiou is hit by David Savard and loses puck.
1:33 of 3rd period - Shot by Adam Fox.
1:33 of 3rd period - Shot Misses the Net.
1:35 of 3rd period - Shot by Casey Cizikas.
1:35 of 3rd period - Stopped by Andrei Vasilevskiy without a rebound.
1:36 of 3rd period - Casey Cizikas wins face-off versus Nick Bonino in Rangers zone.
1:37 of 3rd period - Shot by Adam Fox.
1:37 of 3rd period - Shot Misses the Net.
1:55 of 3rd period - Shot by Adam Fox.
1:55 of 3rd period - Shot Misses the Net.
1:57 of 3rd period - Shot by Adam Fox.
1:57 of 3rd period - Stopped by Andrei Vasilevskiy without a rebound.
1:58 of 3rd period - Vincent Trocheck wins face-off versus Ryan Strome in Rangers zone.
1:58 of 3rd period - Vincent Trocheck is hit by Andreas Athanasiou.
2:44 of 3rd period - Shot by Connor McDavid.
2:44 of 3rd period - Stopped by Alexandar Georgiev without a rebound.
2:45 of 3rd period - Brad Richardson wins face-off versus Vincent Trocheck in Avalanche zone.
3:17 of 3rd period - Shot by Andreas Athanasiou.
3:17 of 3rd period - Deflect By Ryan Strome.
3:17 of 3rd period - Stopped by Andrei Vasilevskiy without a rebound.
3:18 of 3rd period - Casey Cizikas wins face-off versus Nick Bonino in Rangers zone.
3:19 of 3rd period - Shot by Robby Fabbri.
3:19 of 3rd period - Shot Misses the Net.
3:39 of 3rd period - Shot by Nick Bonino.
3:39 of 3rd period - Stopped by Alexandar Georgiev without a rebound.
3:40 of 3rd period - Connor McDavid wins face-off versus Adam Gaudette in Avalanche zone.
3:59 of 3rd period - Shot by Alexander Radulov.
3:59 of 3rd period - Shot Blocked by Michael Anderson.
4:02 of 3rd period - Icing by Noah Juulsen.
4:03 of 3rd period - Vincent Trocheck wins face-off versus Adam Gaudette in Avalanche zone.
4:22 of 3rd period - Icing by Matt Niskanen.
4:23 of 3rd period - Vincent Trocheck wins face-off versus Ryan Strome in Rangers zone.
5:05 of 3rd period - Shot by Connor McDavid.
5:05 of 3rd period - Shot Blocked by Shayne Gostisbehere.
5:07 of 3rd period - Shot by David Savard.
5:07 of 3rd period - Goal by David Savard - Avalanche : 2 - Rangers : 4.
5:08 of 3rd period - Connor McDavid wins face-off versus Casey Cizikas in neutral zone.
5:46 of 3rd period - Shot by Robby Fabbri.
5:46 of 3rd period - Stopped by Andrei Vasilevskiy with a rebound.
5:55 of 3rd period - Icing by Connor McDavid.
5:56 of 3rd period - Dylan Strome wins face-off versus Connor McDavid in Rangers zone.
6:18 of 3rd period - Shot by Cam Atkinson.
6:18 of 3rd period - Stopped by Alexandar Georgiev with a rebound.
6:20 of 3rd period - Shot by Noel Acciari.
6:20 of 3rd period - Shot Misses the Net.
6:22 of 3rd period - Shot by Noel Acciari.
6:22 of 3rd period - Shot Hit the Post.
6:24 of 3rd period - Shot by Nick Leddy.
6:24 of 3rd period - Shot Blocked by Justin Williams.
6:40 of 3rd period - Shot by Cam Atkinson.
6:40 of 3rd period - Stopped by Alexandar Georgiev without a rebound.
6:41 of 3rd period - Nick Bonino wins face-off versus Brad Richardson in Avalanche zone.
6:41 of 3rd period - Nick Bonino is hit by Shayne Gostisbehere.
7:24 of 3rd period - Ryan Strome is hit by Dmitry Kulikov and loses puck.
7:56 of 3rd period - Icing by Greg Pateryn.
7:57 of 3rd period - Nick Bonino wins face-off versus Adam Gaudette in Rangers zone.
7:57 of 3rd period - Nick Bonino is hit by Frank Vatrano.
8:25 of 3rd period - Shot by Adam Gaudette.
8:25 of 3rd period - Stopped by Andrei Vasilevskiy without a rebound.
8:26 of 3rd period - Vincent Trocheck wins face-off versus Andreas Johnsson in Rangers zone.
8:37 of 3rd period - Shot by Vincent Trocheck.
8:37 of 3rd period - Stopped by Alexandar Georgiev without a rebound.
8:38 of 3rd period - Connor McDavid wins face-off versus Dylan Strome in Avalanche zone.
9:05 of 3rd period - Shot by Dylan Strome.
9:05 of 3rd period - Stopped by Andrei Vasilevskiy without a rebound.
9:06 of 3rd period - Noel Acciari wins face-off versus Brad Richardson in Rangers zone.
9:28 of 3rd period - Shot by Ryan Strome.
9:28 of 3rd period - Shot Misses the Net.
9:30 of 3rd period - Shot by Shayne Gostisbehere.
9:30 of 3rd period - Goal by Shayne Gostisbehere - Avalanche : 3 - Rangers : 4.
9:31 of 3rd period - Casey Cizikas wins face-off versus Connor McDavid in neutral zone.
9:44 of 3rd period - Shot by Zach Hyman.
9:44 of 3rd period - Shot Misses the Net.
9:56 of 3rd period - Shot by Andreas Johnsson.
9:56 of 3rd period - Shot Misses the Net.
10:08 of 3rd period - Shot by Andreas Johnsson.
10:08 of 3rd period - Stopped by Andrei Vasilevskiy without a rebound.
10:09 of 3rd period - Vincent Trocheck wins face-off versus Brad Richardson in Rangers zone.
10:09 of 3rd period - Vincent Trocheck is hit by Andreas Athanasiou.
10:14 of 3rd period - David Savard is hit by Jake McCabe and loses puck.
10:19 of 3rd period - Shot by Cam Atkinson.
10:19 of 3rd period - Shot Misses the Net.
10:30 of 3rd period - Shot by Vincent Trocheck.
10:30 of 3rd period - Shot Misses the Net.
10:32 of 3rd period - Shot by Noel Acciari.
10:32 of 3rd period - Shot Misses the Net.
10:34 of 3rd period - Shot by Cam Atkinson.
10:34 of 3rd period - Shot Misses the Net.
10:55 of 3rd period - Jake McCabe is hit by Vincent Trocheck and loses puck.
11:03 of 3rd period - Icing by Shayne Gostisbehere.
11:04 of 3rd period - Connor McDavid wins face-off versus Brad Richardson in Avalanche zone.
11:41 of 3rd period - Shot by Nick Leddy.
11:41 of 3rd period - Stopped by Alexandar Georgiev without a rebound.
11:42 of 3rd period - Casey Cizikas wins face-off versus Milan Lucic in Avalanche zone.
11:55 of 3rd period - Shot by Robby Fabbri.
11:55 of 3rd period - Shot Blocked by Greg Pateryn.
11:57 of 3rd period - Shot by Will Butcher.
11:57 of 3rd period - Shot Misses the Net.
11:59 of 3rd period - Shot by Casey Cizikas.
11:59 of 3rd period - Deflect By Robby Fabbri.
11:59 of 3rd period - Stopped by Andrei Vasilevskiy without a rebound.
12:00 of 3rd period - Nick Bonino wins face-off versus Dylan Strome in Rangers zone.
12:00 of 3rd period - Cal Clutterbuck is hit by Justin Williams and loses puck.
12:08 of 3rd period - Minor Penalty to Dylan Strome for Roughing.
12:09 of 3rd period - Connor McDavid wins face-off versus Ryan Dzingel in Avalanche zone.
12:30 of 3rd period - Shot by Matt Niskanen.
12:30 of 3rd period - Shot Misses the Net.
12:32 of 3rd period - Shot by Alexander Radulov.
12:32 of 3rd period - Shot Blocked by Casey Cizikas.
13:06 of 3rd period - Minor Penalty to Matt Niskanen for Hooking.
13:07 of 3rd period - Ryan Strome wins face-off versus Vincent Trocheck in Rangers zone.
13:09 of 3rd period - Justin Williams is hit by David Savard and loses puck.
13:18 of 3rd period - Shot by Adam Fox.
13:18 of 3rd period - Goal by Adam Fox - Avalanche : 4 - Rangers : 4.
13:19 of 3rd period - Connor McDavid wins face-off versus Ryan Strome in neutral zone.
13:39 of 3rd period - Shot by Alexander Radulov.
13:39 of 3rd period - Shot Misses the Net.
13:41 of 3rd period - Shot by Connor McDavid.
13:41 of 3rd period - Goal by Connor McDavid - Avalanche : 4 - Rangers : 5.
13:42 of 3rd period - Vincent Trocheck wins face-off versus Brad Richardson in neutral zone.
13:49 of 3rd period - Shot by Cam Atkinson.
13:49 of 3rd period - Stopped by Alexandar Georgiev with a rebound.
14:08 of 3rd period - Brad Richardson is hit by Dmitry Kulikov and loses puck.
14:14 of 3rd period - Frank Vatrano is hit by Dmitry Kulikov.
14:24 of 3rd period - Shot by Robby Fabbri.
14:24 of 3rd period - Stopped by Andrei Vasilevskiy without a rebound.
14:25 of 3rd period - Brad Richardson wins face-off versus Nick Bonino in Rangers zone.
14:40 of 3rd period - Shot by Will Butcher.
14:40 of 3rd period - Shot Misses the Net.
14:42 of 3rd period - Shot by Will Butcher.
14:42 of 3rd period - Stopped by Andrei Vasilevskiy with a rebound.
15:38 of 3rd period - Shot by Justin Williams.
15:38 of 3rd period - Shot Misses the Net.
16:06 of 3rd period - Shot by Robby Fabbri.
16:06 of 3rd period - Goal by Robby Fabbri - Avalanche : 5 - Rangers : 5.
16:07 of 3rd period - Adam Gaudette wins face-off versus Vincent Trocheck in neutral zone.
16:57 of 3rd period - Shot by Robby Fabbri.
16:57 of 3rd period - Shot Blocked by Nick Leddy.
16:59 of 3rd period - Shot by Casey Cizikas.
16:59 of 3rd period - Stopped by Andrei Vasilevskiy without a rebound.
17:00 of 3rd period - Brad Richardson wins face-off versus Brandon Pirri in Rangers zone.
17:11 of 3rd period - Shot by Andreas Athanasiou.
17:11 of 3rd period - Deflect By Ryan Strome.
17:11 of 3rd period - Stopped by Andrei Vasilevskiy without a rebound.
17:12 of 3rd period - Nick Bonino wins face-off versus Casey Cizikas in Rangers zone.
17:24 of 3rd period - Icing by Robby Fabbri.
17:25 of 3rd period - Casey Cizikas wins face-off versus Connor McDavid in Avalanche zone.
17:30 of 3rd period - Shot by Andreas Johnsson.
17:30 of 3rd period - Shot Misses the Net.
17:46 of 3rd period - Shot by Dmitry Kulikov.
17:46 of 3rd period - Shot Misses the Net.
17:48 of 3rd period - Shot by Dmitry Kulikov.
17:48 of 3rd period - Stopped by Alexandar Georgiev with a rebound.
19:30 of 3rd period - Justin Williams is hit by Matt Niskanen and loses puck.
19:37 of 3rd period - Shot by Dominik Kubalik.
19:37 of 3rd period - Stopped by Andrei Vasilevskiy without a rebound.
19:38 of 3rd period - Casey Cizikas wins face-off versus Nick Bonino in Rangers zone.
19:46 of 3rd period - Matt Niskanen is hit by Jake McCabe and loses puck.
19:55 of 3rd period - Shot by Andrew Ladd.
19:55 of 3rd period - Stopped by Alexandar Georgiev without a rebound.
19:56 of 3rd period - Connor McDavid wins face-off versus Dylan Strome in Avalanche zone.
Goals for this period are 3 for Avalanche vs 2 for Rangers.
Shots for this period are 19 for Avalanche vs 11 for Rangers.

Overtime #1


0:01 of 1st overtime period - Vincent Trocheck wins face-off versus Casey Cizikas in neutral zone.
0:25 of 1st overtime period - Shot by Connor McDavid.
0:25 of 1st overtime period - Shot Blocked by Shayne Gostisbehere.
1:07 of 1st overtime period - Shot by Alexander Radulov.
1:07 of 1st overtime period - Stopped by Alexandar Georgiev with a rebound.
1:20 of 1st overtime period - Shot by Alexander Radulov.
1:20 of 1st overtime period - Stopped by Alexandar Georgiev without a rebound.
1:21 of 1st overtime period - Nick Bonino wins face-off versus Brad Richardson in Avalanche zone.
1:30 of 1st overtime period - Shot by Connor McDavid.
1:30 of 1st overtime period - Shot Misses the Net.
1:43 of 1st overtime period - Off-side.
1:44 of 1st overtime period - Vincent Trocheck wins face-off versus Andreas Athanasiou in neutral zone.
2:03 of 1st overtime period - Shot by Alexander Radulov.
2:03 of 1st overtime period - Goal by Alexander Radulov - Avalanche : 5 - Rangers : 6.
Goals for this period are 0 for Avalanche vs 1 for Rangers.
Shots for this period are 0 for Avalanche vs 3 for Rangers.